 Dungeon Crawl Stone Soup version 0.31-a0-978-g1e143483b6 (webtiles) character file.

Game seed: 3030596318941454310

42 timneilson the Changeling (level 3, 0/23 HPs)
             Began as an Octopode Shapeshifter on Oct 31, 2023.
             Slain by a scorpion (4 damage)
             ... on level 3 of the Dungeon.
             The game lasted 00:04:35 (1791 turns).

timneilson the Changeling (Octopode Shapeshifter)   Turns: 1791, Time: 00:04:36

Health: 0/23       AC:  1    Str: 15    XL:     3   Next: 56%
Magic:  3/3        EV: 13    Int: 12    God:
Gold:   111        SH:  0    Dex: 11    Spells: 3/3 levels left

rFire   . .          .
                       - Unarmed
rCold   . . .        (no shield)
rNeg    . . .        (helmet currently unavailable)
rPois   .            f - amulet of magic regeneration
rElec   .            (no ring)
rCorr   .            (no ring)
SInv    .            (no ring)
Will    .....        (no ring)
Stlth   +++          (no ring)
HPRegen 0.23/turn    (no ring)
MPRegen 0.48/turn    (no ring)
                     (no ring)

%: no passive effects
@: mighty, lethally poisoned (0 -> -7), beast-form
A: beast (slay +1), almost no armour, amphibious, 8 rings, camouflage 1,
gelatinous body 1, (nimble swimmer 1), tentacles
a: Begin Untransformation


You were on level 3 of the Dungeon.
You were a hulking beast.
You visited 1 branch of the dungeon, and saw 3 of its levels.

You collected 111 gold pieces.

Inventory:

Jewellery
 f - an amulet of magic regeneration (around mantle)
 h - an amulet of the acrobat
Talismans
 b - a beast talisman
 c - a flux talisman
 i - a blade talisman
Scrolls
 k - a scroll of identify
 l - 2 scrolls of enchant weapon {unknown}
Potions
 a - a potion of lignification
 e - a potion of degeneration
 g - a potion of mutation


   Skills:
 * Level 1.5 Fighting
 * Level 2.4 Dodging
 + Level 1.2 Stealth
 * Level 3.3 Unarmed Combat
 + Level 0.5 Spellcasting
 * Level 3.3 Shapeshifting


You had 3 spell levels left.
You didn't know any spells.
Your spell library was empty.

Dungeon Overview and Level Annotations

Branches:
Dungeon (3/15)

Altars:

Shops:
D:1 *?

Annotations:
D:3 1 transporter


Innate Abilities, Weirdness & Mutations

You are a hulking beast.
Your limbs bulge with bestial killing power. (Slay +1)
You cannot wear most types of armour.
You are amphibious.
You can wear up to eight rings at the same time.
Your skin changes colour to match your surroundings (Stealth+).
Your rubbery body absorbs attacks. (AC +1, EV +1)
((You are camouflaged when in or above water. (Stealth+)))
You have tentacles for arms and can constrict up to eight enemies at once.


Message History

The scorpion stings you.
You barely miss the scorpion. Your grab misses the scorpion.
The scorpion stings you. x2
You tentacle-slap the scorpion. You grab the scorpion.
The scorpion is lightly wounded.
You constrict the scorpion, but do no damage.
The scorpion stings you!
* * * LOW HITPOINT WARNING * * *
You are lethally poisoned!
The scorpion poisons you!
You feel much better.
You constrict the scorpion, but do no damage.
You feel very sick. The scorpion stings you.
You are more poisoned.
The scorpion poisons you!
You tentacle-slap the scorpion but do no damage.
Your squeeze misses the scorpion.
The scorpion is lightly wounded.
You constrict the scorpion.
You feel very sick. The scorpion closely misses you.
Unknown command.
You tentacle-slap the scorpion but do no damage.
The scorpion is lightly wounded.
You constrict the scorpion.
You feel very sick. The scorpion completely misses you.
You tentacle-slap the scorpion.
The scorpion is heavily wounded.
You constrict the scorpion, but do no damage.
You feel sick. The scorpion stings you.
* * * LOW HITPOINT WARNING * * *
Unknown command.
It was a potion of might.
You feel very mighty all of a sudden.
You constrict the scorpion.
* * * LOW HITPOINT WARNING * * *
You feel sick. The scorpion stings you.
You die...

# .........##..#.#
#....# .
#..#.#.#.....#.###.....
# ..#...................
......#.†..#.###.....
######
#.#.................
......
#.#...#.#.#.###.....
#####. #.......#.#.#
#...##
#....##.#.#.###...#
##..h.#...........###
.......s...©............
...##..#########...#####
.# #..#8P$©$P8#...#
#..#P..)..P#..##
#..####+####..#
#).#.≈...≈.#..#
#..#.≈...≈.#..#
#..#.≈~P~≈.#..#


You could see a scorpion.

Vanquished Creatures
  An adder (D:3)
  2 dart slugs
  A bat (D:1)
  2 endoplasms (D:1)
  A giant cockroach (D:2)
  5 goblins
  2 hobgoblins
  A quokka (D:1)
  3 ball pythons
  3 frilled lizards
  4 kobolds
  3 rats
28 creatures vanquished.

Notes
Turn   | Place    | Note
-------+----------+-------------------------------------------
     0 | D:1      | timneilson the Octopode Shapeshifter began the quest for
                  | the Orb.
     0 | D:1      | Reached XP level 1. HP: 13/13 MP: 1/1
    26 | D:1      | Found Tychaddez's General Store.
   174 | D:1      | Found Faepnorph's Magic Scroll Shoppe.
   181 | D:1      | Reached XP level 2. HP: 17/18 MP: 2/2
   940 | D:2      | Reached XP level 3. HP: 23/23 MP: 3/3
  1071 | D:2      | Reached skill level 1 in Stealth
  1763 | D:3      | Found a transporter.
  1769 | D:3      | Noticed a scorpion
  1786 | D:3      | HP: 1/23 [scorpion (7)]
  1791 | D:3      | Slain by a scorpion

Illustrated notes

Levels and vault maps discovered:
D:1:      elethiomel_arrival_shortcut, layout_basic, serial_shops, shop, shop,
          kennysheep_another_room
D:2:      layout_basic, minmay_tetromino_t2
D:3:      gammafunk_wand_slinger, layout_basic,
          mainiacjoe_overflow_catwalk_spiral, minmay_bisected

Skill      XL: |  1  2  3 |
---------------+----------+-----
Stealth        | 1 |  1.2
Fighting       | |  1.5
Dodging        | |  2.4
Unarmed Combat | |  3.3
Spellcasting   | |  0.5
Shapeshifting  | |  3.3

Action                     || total
---------------------------++-------
  Melee: Unarmed           ||    65
         Constrict         ||    15
         Tentacles         ||     7
         Punch             ||     1
    Use: Scroll            ||     6
         Potion            ||     2
   Stab: Sleeping          ||     7
 Armour: Skin              ||    29
  Dodge: Dodged            ||    34

Table legend: (Time is in decaauts)
 A = Elapsed time spent in this place.
 B = Non-inter-level travel time spent in this place.
 C = Inter-level travel time spent in this place.
 D = Time resting spent in this place.
 E = Time spent auto-exploring this place.
 F = Levels seen in this place.
 G = Mean time per level.
                   A        B        C        D        E       F      G
               +--------+--------+--------+--------+--------+-----+--------+
         Total |   1786 |   1748 |     38 |      0 |   1377 |   3 |  595.3 |
       Dungeon |   1786 |   1748 |     38 |      0 |   1377 |   3 |  595.3 |
               +--------+--------+--------+--------+--------+-----+--------+

Top non-repeatable levels by time:
     D:2: 833 daAuts
     D:1: 768 daAuts
     D:3: 184 daAuts
